 Dungeon Crawl Stone Soup version 0.31-a0-691-g409c26aa35 (webtiles) character file.

Game seed: 5963616240888396183

63 subawu the Ruffian (level 3, -1/28 HPs)
             Began as a Draconian Shapeshifter on Sept 6, 2023.
             Slain by a hobgoblin (2 damage)
             ... led by Robin
             ... on level 2 of the Dungeon.
             The game lasted 00:03:22 (1032 turns).

subawu the Ruffian (Draconian Shapeshifter)         Turns: 1032, Time: 00:03:23

Health: -1/28      AC:  5    Str: 16    XL:     3   Next: 87%
Magic:  3/3        EV: 12    Int: 12    God:
Gold:   65         SH:  0    Dex: 10    Spells: 2/2 levels left

rFire   . .          .
                       - Unarmed
rCold   . . .        (no shield)
rNeg    . . .        (body armour unavailable)
rPois   .            (helmet currently unavailable)
rElec   .            (cloak currently unavailable)
rCorr   .            (gloves currently unavailable)
SInv    .            (boots currently unavailable)
Will    .....        (no amulet)
Stlth   +            (no ring)
HPRegen 0.24/turn    (no ring)
MPRegen 0.08/turn

%: no passive effects
@: beast-form
A: beast (slay +2), AC +5, unfitting armour, cold-blooded
a: Begin Untransformation


You were on level 2 of the Dungeon.
You were a hulking beast.
You visited 1 branch of the dungeon, and saw 2 of its levels.

You collected 65 gold pieces.

Inventory:

Talismans
 b - a beast talisman (active)
 c - a flux talisman
Scrolls
 d - a scroll of identify {unknown}
 f - a scroll of enchant weapon {unknown}
 h - a scroll of revelation {unknown}
Potions
 a - a potion of lignification
 e - a potion of invisibility {unknown}
 g - a potion of enlightenment {unknown}
 i - a potion of brilliance {unknown}


   Skills:
 + Level 1.3 Fighting
 + Level 2.0 Dodging
 + Level 0.2 Stealth
 + Level 3.9 Unarmed Combat
 + Level 3.7 Shapeshifting


You had 2 spell levels left.
You didn't know any spells.
Your spell library was empty.

Dungeon Overview and Level Annotations

Branches:
Dungeon (2/15)

Altars:

Annotations:
D:2 Robin


Innate Abilities, Weirdness & Mutations

You are a hulking beast.
Your limbs bulge with bestial killing power. (Slay +2)
Your plain brown scales are hard. (AC +5)
You cannot fit into any form of body armour.
You are cold-blooded and may be slowed by cold attacks.


Message History

The goblin barely misses you. The hobgoblin hits you.
The goblin hits you but does no damage. The goblin attacks as it pursues you!
The goblin barely misses you.
There is a stone staircase leading down here.
You see here a +0 club.
The goblin attacks as it pursues you! The goblin barely misses you.
The goblin attacks as it pursues you! The goblin closely misses you.
You miss the goblin. You hit the goblin.
You kill the goblin!
You barely miss the goblin. You tail-slap the goblin.
The goblin is heavily wounded.
An endoplasm comes into view.
The endoplasm quivers.
The goblin barely misses you. The hobgoblin misses you.
Robin throws the goblin at you! The goblin hits you but does no damage.
The goblin hits you with a +0 club.
You see here a +0 club.
You punch the hobgoblin!
You kill the hobgoblin!
The goblin barely misses you. The hobgoblin barely misses you.
Robin hits you with a +0 whip. The goblin misses you.
The goblin hits you with a +0 club.
* * * LOW HITPOINT WARNING * * *
You barely miss the goblin. The goblin misses you.
The goblin hits you with a +0 club.
* * * LOW HITPOINT WARNING * * *
The hobgoblin hits you but does no damage.
Robin hits you but does no damage. The goblin barely misses you.
The rat bites you but does no damage.
You hit the goblin.
You kill the goblin!
The hobgoblin hits you but does no damage.
Robin barely misses you. The goblin barely misses you.
The rat bites you but does no damage.
You hit the goblin but do no damage.
Your tail-slap misses the goblin.
The goblin is heavily wounded.
Robin closely misses you. The goblin closely misses you.
The hobgoblin hits you.
You die...

#.#.# #.#.#.#
#####.#.#.#
##.#.#.#.#.##
#######........†..#
.......#.#.#.#.#.##
........g.........#
.......#g#.#.#.#.##
......†Jrhg.......#
.......#g#g#.#.#.##
######....g....†..###
###.#.#.#.#.#.<#
#...........###
#.#.#.#.#.#.#.#
................#
##.##############


You could see Robin, an endoplasm, 2 hobgoblins, 3 goblins and a rat.

Vanquished Creatures
  2 adders (D:2)
  A dart slug (D:1)
  6 ball pythons (D:1)
  2 endoplasms (D:1)
  3 giant cockroaches
  7 goblins
  4 hobgoblins
  3 kobolds (D:1)
  2 quokkas (D:1)
  6 bats
  3 rats (D:1)
39 creatures vanquished.

Notes
Turn   | Place    | Note
-------+----------+-------------------------------------------
     0 | D:1      | subawu the Draconian Shapeshifter began the quest for the
                  | Orb.
     0 | D:1      | Reached XP level 1. HP: 16/16 MP: 1/1
   310 | D:1      | Reached XP level 2. HP: 23/23 MP: 2/2
   665 | D:1      | Found a faded altar of an unknown god.
   812 | D:1      | Reached XP level 3. HP: 19/28 MP: 3/3
  1015 | D:2      | Noticed Robin
  1030 | D:2      | HP: 1/28 [goblin/+0 club[Robin] (4)]
  1032 | D:2      | Slain by a hobgoblin

Illustrated notes

Levels and vault maps discovered:
D:1:      lemuel_arrival_funnel, layout_basic,
          hellmonk_ecumenical_altar_leap_of_faith
D:2:      layout_basic, st_stairs_10, dreamdust_mushroom_princess,
          nicolae_wormholes, uniq_robin

Skill      XL: |  1  2  3 |
---------------+----------+-----
Dodging        | 2 |  2.0
Fighting       | |  1.3
Stealth        | |  0.2
Unarmed Combat | |  3.9
Shapeshifting  | |  3.7

Action                     || total
---------------------------++-------
  Melee: Unarmed           ||    90
         Tailslap          ||    10
         Punch             ||     1
 Armour: Skin              ||    80
  Dodge: Dodged            ||    86

Table legend: (Time is in decaauts)
 A = Elapsed time spent in this place.
 B = Non-inter-level travel time spent in this place.
 C = Inter-level travel time spent in this place.
 D = Time resting spent in this place.
 E = Time spent auto-exploring this place.
 F = Levels seen in this place.
 G = Mean time per level.
                   A        B        C        D        E       F      G
               +--------+--------+--------+--------+--------+-----+--------+
         Total |   1026 |   1026 |      0 |      0 |    538 |   2 |  513.0 |
       Dungeon |   1026 |   1026 |      0 |      0 |    538 |   2 |  513.0 |
               +--------+--------+--------+--------+--------+-----+--------+

Top non-repeatable levels by time:
     D:1: 958 daAuts
     D:2: 68 daAuts
